 Dungeon Crawl Stone Soup version 0.22.1-6-g1668fe2 (webtiles) character file.

79 Kairos the Shield-Bearer (level 4, 23/23 HPs)
             Began as a Vine Stalker Fighter on Jan 16, 2019.
             Quit the game on level 2 of the Dungeon.
             The game lasted 00:01:52 (1681 turns).

Kairos the Shield-Bearer (Vine Stalker Fighter)     Turns: 1681, Time: 00:01:53

Health: 23/23      AC:  6    Str: 20    XL:     4   Next: 37%
Magic:  5/5        EV:  7    Int:  8    God:
Gold:   51         SH:  9    Dex: 13    Spells: 3/3 levels left

rFire    . . .     SeeInvis .   a - +0 war axe
rCold    . . .     Gourm    .   c - +0 shield
rNeg     . . .     Faith    .   b - +0 scale mail
rPois    .         Spirit   +   (no helmet)
rElec    .         Reflect  .   (no cloak)
rCorr    .         Harm     .   (no gloves)
MR       .....                  (no boots)
Stlth    ..........             (no amulet)
HPRegen  0.47/turn              (no ring)
MPRegen  0.09/turn              (no ring)

@: no status effects
A: fangs 2, regeneration 1, magic shield, antimagic bite, no potion heal 3, rot
immunity
a: no special abilities


You were on level 2 of the Dungeon.
You were hungry.

You visited 1 branch of the dungeon, and saw 3 of its levels.

You collected 51 gold pieces.

Inventory:

Hand Weapons
 a - a +0 war axe (weapon)
Armour
 b - a +0 scale mail (worn)
 c - a +0 shield (worn)
Wands
 m - a wand of random effects (24)
Scrolls
 e - a scroll of fog {unknown}
 g - a scroll of teleportation {unknown}
 h - a scroll of fear {unknown}
 i - a scroll of enchant weapon {unknown}
 l - 2 scrolls of magic mapping {unknown}
Potions
 d - a potion of might
 k - 3 potions of curing
Comestibles
 f - 5 rations


   Skills:
 + Level 2.9 Fighting
 + Level 2.5 Axes
 + Level 3.1 Armour
 + Level 0.1 Stealth
 + Level 3.3 Shields


You had 3 spell levels left.
You didn't know any spells.
Your spell library was empty.

Dungeon Overview and Level Annotations

Branches:
Dungeon (3/15)

Altars:


Innate Abilities, Weirdness & Mutations

You have extremely sharp teeth.
Your natural rate of healing is unusually fast.
When hurt, damage is shared between your health and your magic reserves.
Your bite disrupts and absorbs the magic of your enemies.
Potions cannot restore your health.
You are immune to rotting.


Message History

k - 3 potions of curing (gained 1)
You open the door.
There is an open door here.
There is an open door here.
You open the door.
There is an open door here.
You see here a ring mail.
You are feeling hungry.
You open the door.
There is an open door here.
You open the door.
There is an open door here.
You open the door.
There is an open door here.
There is an open door here.
Key pressed, stopping explore.
Done exploring.
Done exploring.
No target in view!
Are you sure you want to abandon this character and quit the game? (Confirm

#.............
##################.##.
#.....#......#####.###
#.....#..............#
#.....#......####....#
#.....#...)..# #.(..#
#.....#......####....#
#.....#..............#
#....@####'##........#
#..........<.....#####
####.............#
#.............#
#.........#####
#.........#
#.........#
###########


There were no monsters in sight!

Vanquished Creatures
  3 adders (D:2)
  3 worms
  A dart slug (D:2)
  2 leopard geckos (D:1)
  An orc (D:3)
  4 bats
  A giant cockroach (D:1)
  3 goblins
  4 hobgoblins
  5 kobolds
  A ball python (D:1)
  5 frilled lizards
  8 rats
41 creatures vanquished.

Notes
Turn   | Place    | Note
-------+----------+-------------------------------------------
     0 | D:1      | Kairos the Vine Stalker Fighter began the quest for the
                  | Orb.
     0 | D:1      | Reached XP level 1. HP: 11/11 MP: 2/2
   231 | D:1      | Reached XP level 2. HP: 14/16 MP: 3/3
   664 | D:2      | Reached XP level 3. HP: 19/19 MP: 4/4
  1073 | D:2      | You fall through a shaft!
  1245 | D:2      | Gained mutation: Your natural rate of healing is unusually
                  | fast. [Vine Stalker growth]
  1245 | D:2      | Reached XP level 4. HP: 20/23 MP: 3/5
  1681 | D:2      | Quit the game

Skill      XL: |  1  2  3 |
---------------+----------+-----
Shields        | 3 |  3.3
Axes           | 2 |  2.5
Armour         | 3 |  3.1
Fighting       | |  2.9
Stealth        | |  0.1

Action                   |  1- 3 |  4- 6 || total
-------------------------+-------+-------++-------
Melee: War axe           |   104 |    14 ||   118
       Bite              |    19 |       ||    19
  Use: Potion            |     1 |       ||     1
  Eat: Chunk             |     1 |     1 ||     2
Armor: Scale mail        |    60 |     3 ||    63
Dodge: Dodged            |    26 |       ||    26
Block: Shield            |    63 |    11 ||    74
